 Dungeon Crawl Stone Soup version 0.17-a0-931-g11a8995 (webtiles) character file.

16601 namelastname112 the Slicer (level 12, -1/82 HPs)
             Began as a White Draconian Enchanter on May 5, 2015.
             Was an Elder of Dithmenos.
             Slain by a five-headed hydra (7 damage)
             ... on level 3 of the Lair of Beasts on May 6, 2015.
             The game lasted 00:57:40 (17594 turns).

namelastname112 the Slicer (DrEn)                  Turns: 17594, Time: 00:57:40

Health: -1/82      AC: 10    Str: 12    XL:     12   Next: 11%
Magic:  20/24      EV: 19    Int: 17    God:    Dithmenos [****..]
Gold:   1027       SH:  0    Dex: 19    Spells: 5 memorised, 15 levels left

rFire  . . .     SeeInvis .     y - +3 dagger (venom)
rCold  + . .     Clarity  .     (armour unavailable)
rNeg   + . .     SustAb   .     (no shield)
rPois  .         Gourm    .     (helmet restricted)
rElec  .         Spirit   .     v - +1 cloak
rCorr  .         Warding  .     (no gloves)
rMut   .         Stasis   .     (no boots)
MR     .....                    (no amulet)
Stlth  ++++++....               e - +5 ring of dexterity
                                n - ring of positive energy

@: wreathed by umbra, not resistant to hostile enchantments, very stealthy
A: breathe frost, unfitting armour, stinger 1, cold resistance 1, wild magic 1,
cold-blooded, AC +8
a: Breathe Frost, Shadow Step, Renounce Religion


You were on level 3 of the Lair of Beasts.
You worshipped Dithmenos.
Dithmenos was greatly pleased with you.
You were not hungry.

You visited 3 branches of the dungeon, and saw 15 of its levels.
You also visited: Ossuary.

You collected 1027 gold pieces.

Inventory:

Hand weapons
 y - a +3 dagger of venom (weapon)
 C - a cursed +0 blowgun
Missiles
 D - 50 poisoned needles
Armour
 v - a +1 cloak (worn)
Jewellery
 e - a +5 ring of dexterity (right hand)
 i - an uncursed ring of ice {unknown}
 n - a ring of positive energy (left hand)
Magical devices
 f - a wand of confusion (19)
 m - a wand of teleportation (2)
 A - a wand of disintegration (18)
 L - a wand of paralysis (9)
 O - a wand of teleportation (4)
 R - a wand of cold (1)
Scrolls
 b - 2 scrolls of identify
 d - 6 scrolls of amnesia
 j - 2 scrolls of fog
 k - 11 scrolls of remove curse
 l - 5 scrolls of teleportation
 o - 2 scrolls of summoning
 r - 5 scrolls of recharging
 u - 3 scrolls of noise
 w - 6 scrolls of enchant armour
 P - a scroll of fear
 T - 3 scrolls of enchant weapon
Potions
 a - a potion of resistance {unknown}
 g - 5 potions of curing
 h - 5 potions of agility
 s - a potion of brilliance {unknown}
 t - a potion of invisibility
 x - 2 potions of lignification
 z - 3 potions of might
 B - 2 potions of cancellation
 E - 3 potions of ambrosia
 G - 2 potions of haste {unknown}
 H - a potion of cure mutation {unknown}
 I - a potion of mutation
 J - 3 potions of flight
 M - a potion of magic
Comestibles
 c - 7 bread rations
 q - 4 meat rations
 N - 4 fruits
 Q - 5 slices of pizza


   Skills:
 + Level 0.4 Fighting
 + Level 9.3 Short Blades
 - Level 8.6 Dodging
 + Level 8.8 Stealth
 + Level 8.4 Spellcasting
 + Level 8.4 Hexes
 - Level 4.0 Ice Magic


You had 15 spell levels left.
You knew the following spells:

 Your Spells              Type           Power        Failure   Level  Hunger
a - Corona                Hex            ######.      2%          1    None
b - Tukima's Dance        Hex            ######..     3%          3    #......
c - Dazzling Spray        Conj/Hex       ####....     16%         3    #......
x - Confuse               Hex            ######..     3%          3    #......
z - Ensorcelled Hibernat  Hex/Ice        #####.       4%          2    None


Dungeon Overview and Level Annotations

Branches:
Dungeon (11/15)            Temple (1/1) D:6            Lair (3/8) D:10
  Swamp (0/4) Lair:3          Orc (0/4) D:9
  Snake: Lair:3-6    Spider: Lair:3-6

Altars:
Ashenzari
Cheibriados
Dithmenos
Elyvilon
Fedhas
Gozag
Kikubaaqudgha
Makhleb
Nemelex Xobeh
Okawaru
Qazlal
Ru
Sif Muna
Trog
Vehumet
Xom
Yredelemnul
Zin
The Shining One

Shops:
D:4 =


Innate Abilities, Weirdness & Mutations

You can breathe waves of freezing cold.
You can buffet flying creatures when you breathe cold.
Your icy white scales are hard (AC +8).
Your body does not fit into most forms of armour.
Your flesh is cold resistant.
You are cold-blooded and may be slowed by cold attacks.
Your tail ends in a poisonous barb.
Your spells are a little harder to cast, but a little more powerful.


Message History

Aim: a five-headed hydra (umbra, chance 38%)
Okay, then.
Casting: Confuse
Confirm with . or Enter, or press ? or * to list all spells.
Aiming: Ensorcelled Hibernation
Press: ? - help, Shift-Dir - straight line, f - five-headed hydra
Aim: a five-headed hydra (umbra, chance 33%)
Okay, then.
Unknown command.
Casting: Ensorcelled Hibernation
Confirm with . or Enter, or press ? or * to list all spells.
Aiming: Ensorcelled Hibernation
Press: ? - help, Shift-Dir - straight line, f - five-headed hydra
Aim: a five-headed hydra (umbra, chance 33%)
The five-headed hydra easily resists.
The five-headed hydra bites you!
* * * LOW HITPOINT WARNING * * *
The five-headed hydra bites you!
* * * LOW HITPOINT WARNING * * *
The five-headed hydra bites you!
You die...

. . #..? ...#...... #.....
#.......... ##....##
####....##.#.###......##.
##P.#....###.#.....<......
............(..............
............................. ...
....................†.....
##.+..##.....@D...............
.##.#.#..#.....†..#.P#.....#...P
..#.....##.....#...####......§.#
#......##....##...## #.......§§
.#.............##...###....≈≈§§§
..#......#P...PP##...##....;≈§§§.
..#......##....P.P....##...≈≈>§§.
..........#..........###...≈;§§§.
..........#....P.#P#.# #....≈≈§§.


You could see a five-headed hydra.

Vanquished Creatures
  Erica (D:10)
  A hill giant (D:11)
  Pikel (D:5)
  2 ugly things
  2 spiny frogs
  A torpor snail (Lair:3)
  Grinder (D:5)
  4 blink frogs (Lair:3)
  2 spriggans (Lair:2)
  A wyvern (D:11)
  Sigmund (D:5)
  The ghost of mefis231 the Conjurer, an average DECj (Ossuary)
  5 yaks
  A deep elf mage (D:9)
  2 hippogriffs (Lair:2)
  3 basilisks
  A hog (D:8)
  A steam dragon (D:7)
  Menkaure (D:4)
  A hungry ghost (D:9)
  Edmund (D:4)
  8 wolves
  7 water moccasins
  2 sky beasts
  4 orc warriors
  2 black bears (Lair:2)
  2 phantoms
  6 porcupines
  10 centaurs
  3 crocodiles
  A big kobold (D:11)
  4 giant frogs
  2 wyvern zombies
  5 scorpions
  3 killer bees (D:10)
  A wight (D:10)
  3 bog bodies (Ossuary)
  An electric eel (Lair:1)
  A quasit (D:7)
  3 crimson imps
  3 centaur zombies
  6 giant frog zombies
  A centaur skeleton (D:10)
  13 orc wizards
  3 hounds
  Crazy Yiuf (D:2)
  Ijyb (D:3)
  3 jellies
  3 giant frog skeletons
  Terence (D:2)
  A gnoll shaman (D:10)
  11 iguanas
  3 orc priests
  9 worker ants
  15 sheep
  2 hound skeletons
  5 hound zombies
  14 mummies
  Robin (D:2)
  2 gnolls
  2 river rats (D:10)
  4 worker ant zombies (Ossuary)
  27 adders
  4 shadow imps
  5 oozes
  6 adder zombies
  2 worms (D:2)
  4 giant geckos
  59 orcs
  7 ball pythons
  2 bat zombies
  5 giant cockroaches
  28 goblins
  17 hobgoblins
  14 bats
  A giant cockroach zombie (Ossuary)
  A giant gecko skeleton (D:9)
  2 giant gecko zombies (Ossuary)
  2 giant newts (D:1)
  3 giant spores
  A goblin zombie (D:7)
  18 jackals
  A jackal zombie (Ossuary)
  15 kobolds
  An orc zombie (D:7)
  10 quokkas
  2 quokka skeletons
  3 quokka zombies (Ossuary)
  13 rats
  15 ballistomycetes
474 creatures vanquished.

Vanquished Creatures (collateral kills)
  2 hill giants (D:10)
  Maurice (D:9)
  Psyche (D:9)
  A two-headed ogre (D:7)
  A human (D:8)
  A sky beast (D:10)
  3 orc warriors
  3 ogres
  4 wights (D:10)
  3 orc priests (D:9)
  3 gnolls (D:10)
  A giant gecko (D:9)
  14 orcs
  A kobold (D:11)
  2 ballistomycetes
41 creatures vanquished.

Vanquished Creatures (others)
  A slave (D:5)
  An adder (D:3)
  A fungus (Lair:3)
  A plant (Ossuary)
4 creatures vanquished.

Grand Total: 519 creatures vanquished

Notes
Turn   | Place    | Note
--------------------------------------------------------------
     0 | D:1      | namelastname112, the Draconian Enchanter, began the quest for the Orb.
     0 | D:1      | Reached XP level 1. HP: 14/14 MP: 3/3
   300 | D:1      | Reached XP level 2. HP: 8/20 MP: 1/5
   386 | D:1      | Learned a level 2 spell: Ensorcelled Hibernation
   465 | D:1      | Reached skill level 3 in Hexes
   776 | D:1      | Reached XP level 3. HP: 24/26 MP: 1/6
  1041 | D:2      | Noticed Robin
  1699 | D:2      | Noticed Terence
  1778 | D:2      | Killed Terence
  1778 | D:2      | Reached XP level 4. HP: 16/33 MP: 2/7
  2303 | D:1      | Learned a level 3 spell: Confuse
  2330 | D:2      | Found a deep blue altar of Sif Muna.
  2405 | D:2      | Reached XP level 5. HP: 26/38 MP: 0/8
  2952 | D:2      | Killed Robin
  3084 | D:2      | Noticed Crazy Yiuf
  3132 | D:2      | Killed Crazy Yiuf
  3132 | D:2      | Reached XP level 6. HP: 45/45 MP: 1/10
  3554 | D:3      | Noticed Ijyb
  3584 | D:3      | Killed Ijyb
  3584 | D:3      | Reached skill level 4 in Hexes
  4379 | D:3      | Found a stormy altar of Qazlal.
  4462 | D:3      | Found a sparkling altar of Nemelex Xobeh.
  4573 | D:4      | Found Haewoth's Jewellery Boutique.
  4590 | D:4      | Your scales start taking on a icy white colour.
  4590 | D:4      | Gained mutation: Your flesh is cold resistant. [White Draconian growth]
  4590 | D:4      | Reached XP level 7. HP: 50/50 MP: 6/11
  5197 | D:4      | Noticed Edmund
  5232 | D:4      | Killed Edmund
  5405 | D:4      | Reached XP level 8. HP: 52/57 MP: 8/14
  5652 | D:4      | Noticed Menkaure
  5663 | D:4      | Killed Menkaure
  5987 | D:5      | Entered Level 5 of the Dungeon
  6059 | D:5      | Found a basalt altar of Yredelemnul.
  6130 | D:5      | Reached skill level 5 in Stealth
  6130 | D:5      | Reached skill level 5 in Hexes
  6336 | D:5      | Noticed Pikel
  6350 | D:5      | Killed Pikel
  6350 | D:5      | Reached skill level 5 in Short Blades
  6404 | D:5      | Noticed Grinder
  6414 | D:5      | Killed Grinder
  6480 | D:5      | Reached skill level 5 in Dodging
  6485 | D:5      | Learned a level 3 spell: Tukima's Dance
  6689 | D:5      | Noticed Sigmund
  6699 | D:5      | Reached XP level 9. HP: 62/62 MP: 9/16
  6724 | D:5      | Killed Sigmund
  7123 | D:6      | Found a sacrificial altar of Ru.
  7131 | D:6      | Reached skill level 5 in Spellcasting
  7147 | D:6      | Found a shattered altar of Ashenzari.
  7487 | D:6      | Found a staircase to the Ecumenical Temple.
  7527 | Temple   | Entered the Ecumenical Temple
  7568 | Temple   | Became a worshipper of Dithmenos the Shadowed
  7932 | D:7      | Found a sand-covered staircase.
  7937 | Ossuary  | Entered an ossuary
  7937 | Ossuary  | Noticed mefis231's ghost (average DECj)
  7942 | Ossuary  | Killed mefis231's ghost
  7942 | Ossuary  | Reached skill level 6 in Short Blades
  8932 | Ossuary  | Acquired Dithmenos's first power
  9935 | D:7      | Gained mutation: Your tail ends in a poisonous barb. [mutagenic meat]
  9936 | D:7      | Gained mutation: Your spells are a little harder to cast, but a little more powerful. [mutagenic meat]
 10346 | D:8      | Reached XP level 10. HP: 41/69 MP: 8/19
 10449 | D:7      | Reached skill level 1 in Ice Magic
 10546 | D:8      | Reached skill level 7 in Short Blades
 10709 | D:8      | Found a basalt altar of Yredelemnul.
 10787 | D:8      | Acquired Dithmenos's second power
 11474 | D:9      | Was placed under penance by Dithmenos
 11475 | D:9      | pls sorry
 11551 | D:9      | Was forgiven by Dithmenos
 11576 | D:9      | Found a staircase to the Orcish Mines.
 11616 | D:9      | Noticed Maurice
 11629 | D:9      | Noticed Erica
 11632 | D:9      | Killed Maurice
 12037 | D:9      | Noticed Psyche
 12042 | D:9      | Was placed under penance by Dithmenos
 12050 | D:9      | Killed Psyche
 12314 | D:9      | Noticed a green ugly thing
 12324 | D:9      | Was forgiven by Dithmenos
 12464 | D:9      | Killed a green ugly thing
 12851 | D:10     | Entered Level 10 of the Dungeon
 12952 | D:10     | Noticed a hill giant
 13083 | D:10     | Reached skill level 8 in Short Blades
 13084 | D:10     | Killed a hill giant
 13320 | D:10     | Noticed a hill giant
 13323 | D:10     | Killed a hill giant
 13344 | D:10     | Reached XP level 11. HP: 71/74 MP: 5/21
 13633 | D:10     | Found a staircase to the Lair.
 14161 | D:10     | Killed Erica
 14333 | D:10     | Acquired Dithmenos's third power
 15125 | D:11     | Noticed a hill giant
 15143 | D:11     | Killed a hill giant
 15624 | Lair:1   | Entered Level 1 of the Lair of Beasts
 15999 | Lair:1   | Learned a level 3 spell: Dazzling Spray
 16554 | Lair:2   | Reached skill level 9 in Short Blades
 16643 | Lair:2   | Found a basalt altar of Yredelemnul.
 17265 | Lair:3   | Reached XP level 12. HP: 68/81 MP: 16/24
 17570 | Lair:3   | Found a staircase to the Swamp.
 17577 | Lair:3   | Noticed a five-headed hydra
 17594 | Lair:3   | Slain by a five-headed hydra

Action                   |  1- 3 |  4- 6 |  7- 9 | 10-12 || total
-------------------------+-------+-------+-------+-------++-------
Melee: Dagger            |   189 |   124 |   723 |   502 ||  1538
       Short sword       |       |   174 |       |       ||   174
 Cast: Corona            |    13 |     2 |     5 |     7 ||    27
       Ensorcelled Hiber |    20 |    37 |    51 |   119 ||   227
       Confuse           |       |    10 |    92 |    69 ||   171
       Tukima's Dance    |       |       |     3 |    32 ||    35
 Abil: Breathe Frost     |       |       |     1 |     3 ||     4
Evoke: Wand              |       |       |       |     8 ||     8
  Use: Scroll            |       |     9 |       |    20 ||    29
       Potion            |       |       |     1 |     4 ||     5
 Stab: Sleeping          |    13 |    32 |    33 |   100 ||   178
       Confused          |       |     4 |    36 |    26 ||    66
       Distracted        |       |       |     1 |     2 ||     3
  Eat: Chunk             |     4 |    13 |    18 |    20 ||    55
       Beef jerky        |       |       |     1 |     3 ||     4
       Meat ration       |       |       |     1 |       ||     1
       Bread ration      |       |       |     1 |       ||     1
       Pizza             |       |       |       |     2 ||     2
